 Dungeon Crawl Stone Soup version 0.23.2-33-g5129a83184 (webtiles) character file.

Game seed: 5413132751559356658

66 Hebeh the Conjurer (level 3, 0/19 HPs)
             Began as a Deep Elf Conjurer on June 28, 2019.
             Slain by an orc priest
             ... wielding a +0 flail
              (10 damage)
             ... on level 3 of the Dungeon.
             The game lasted 00:07:55 (1905 turns).

Hebeh the Conjurer (Deep Elf Conjurer)              Turns: 1905, Time: 00:07:55

Health: 0/19       AC:  3    Str:  5    XL:     3   Next: 96%
Magic:  1/10       EV: 13    Int: 20    God:
Gold:   75         SH:  0    Dex: 15    Spells: 9/10 levels left

rFire    + . .     SeeInvis .   a - +1 dagger (venom)
rCold    + . .     Gourm    .   (no shield)
rNeg     . . .     Faith    .   e - +0 robe
rPois    .         Spirit   .   (no helmet)
rElec    .         Reflect  .   f - +0 cloak
rCorr    .         Harm     .   (no gloves)
MR       .....                  (no boots)
Stlth    ++........             (no amulet)
HPRegen  0.06/turn              k - ring of protection from cold
MPRegen  0.12/turn              r - ring of protection from fire

@: no status effects
A: no striking features
a: no special abilities


You were on level 3 of the Dungeon.
You were not hungry.

You visited 1 branch of the dungeon, and saw 3 of its levels.

You collected 75 gold pieces.

Inventory:

Hand Weapons
 a - a +1 dagger of venom (weapon)
 l - a +0 short sword
 m - a +0 whip
 w - a -1 dagger
Missiles
 h - 67 arrows
 j - 18 stones (quivered)
Armour
 e - a +0 robe (worn)
 f - a +0 cloak (worn)
Jewellery
 k - a ring of protection from cold (left hand)
 r - a ring of protection from fire (right hand)
Scrolls
 b - 2 scrolls of remove curse
 g - 4 scrolls of identify {unknown}
 p - a scroll of teleportation {unknown}
 s - a scroll of magic mapping {unknown}
 u - a scroll of blinking {unknown}
 v - a scroll of noise {unknown}
Potions
 i - a potion of brilliance {unknown}
 n - 2 potions of haste {unknown}
 o - a potion of cancellation {unknown}
 q - a potion of mutation {unknown}
 t - 2 potions of might {unknown}
Comestibles
 c - 2 rations
 d - 3 chunks of flesh


   Skills:
 - Level 2.9 Dodging
 - Level 3.0 Stealth
 + Level 4.2 Spellcasting
 + Level 5.1 Conjurations


You had 9 spell levels left.
You knew the following spells:

 Your Spells              Type           Power        Failure   Level  Hunger
a - Magic Dart            Conj           ###.         1%          1    None

Your spell library contained the following spells:

 Spells                   Type           Power        Failure   Level  Hunger
 Searing Ray              Conj           ###...       2%          2    #......
 Dazzling Spray           Conj/Hex       ##....       13%         3    ###....
 Iskenderun's Mystic Bla  Conj           ###.....     16%         4    ####...
 Force Lance              Conj/Tloc      ##......     41%         4    ####...
 Fulminant Prism          Conj/Hex       ##........   41%         4    ####...


Dungeon Overview and Level Annotations

Branches:
Dungeon (3/15)

Altars:


Message History

Confirm with . or Enter, or press ? or * to list all spells.
Aiming: Magic Dart (safe; 1% risk of failure)
Press: ? - help, Shift-Dir - straight line, f/p - orc priest
Aim: an orc priest, wielding a +0 flail (moderately wounded)
The magic dart hits the orc priest.
The orc priest is heavily wounded.
Casting: Magic Dart (safe; 1% risk of failure)
Confirm with . or Enter, or press ? or * to list all spells.
You don't have enough magic to cast that spell.
You see here a scroll labeled VEUDDI HIRO.
You hit the orc priest but do no damage.
The orc priest is poisoned.
The orc priest is heavily wounded.
The orc priest hits you with a +0 flail!
You hit the orc priest but do no damage.
The orc priest looks as sick as possible!
The orc priest is heavily wounded.
The orc priest hits you with a +0 flail!
Ouch! That really hurt!
You die...

#.. #.. ..)
##)##
#####...##
.....)..#
#..o.# #@#
#.# #.# #.#
###รท####
#########
#......#
#.....#..
#.#.##.#
#.###.#.#
.....##.##
#.###.#.#
.##.##....##
#.#......


You could see an orc priest.

Vanquished Creatures
  An adder (D:3)
  A worm (D:2)
  A dart slug (D:1)
  3 orcs (D:3)
  A ball python (D:1)
  5 bats
  6 giant cockroaches
  5 goblins
  4 hobgoblins (D:1)
  8 kobolds
  4 frilled lizards
  9 rats
48 creatures vanquished.

Notes
Turn   | Place    | Note
-------+----------+-------------------------------------------
     0 | D:1      | Hebeh the Deep Elf Conjurer began the quest for the Orb.
     0 | D:1      | Reached XP level 1. HP: 10/10 MP: 6/6
   308 | D:1      | Reached XP level 2. HP: 15/15 MP: 2/8
   936 | D:1      | Reached XP level 3. HP: 19/19 MP: 7/10
  1854 | D:3      | Reached skill level 5 in Conjurations
  1905 | D:3      | Slain by an orc priest

Skill      XL: |  1  2  3 |
---------------+----------+-----
Stealth        | 3 |  3.0
Spellcasting   | 4 |  4.2
Conjurations   | 5 |  5.1
Dodging        | |  2.9

Action                   || total
-------------------------++-------
Melee: Dagger            ||     2
 Cast: Magic Dart        ||   102
  Use: Scroll            ||     1
  Eat: Chunk             ||     3
Armor: Robe              ||     1
Dodge: Dodged            ||     5
